 Dungeon Crawl Stone Soup version 0.29-a0-841-g116ddc6ace (webtiles) character file.

Game seed: 614357872181372576

69498 Armakuni the Cruncher (level 15, -4/103 (105) HPs)
             Began as a Human Gladiator on July 13, 2022.
             Was a Believer of Elyvilon.
             Slain by a minotaur
             ... wielding the +8 quarterstaff of Woynua {flame, Fragile rPois Int+2 Stlth+}
              (10 damage)
             ... in a Gauntlet on July 14, 2022.
             The game lasted 01:06:56 (22208 turns).

Armakuni the Cruncher (Human Gladiator)            Turns: 22208, Time: 01:06:56

HP:   -4/103 (105)  AC: 15    Str: 18    XL:     15   Next: 74%
MP:   29/29         EV: 12    Int: 17    God:    Elyvilon [**....]
Gold: 867           SH:  0    Dex: 15    Spells: 30/34 levels left

rFire   . . .      SeeInvis .   a - +4 quarterstaff
rCold   + . .      Faith    .   (shield currently unavailable)
rNeg    . . .      Spirit   .   q - +1 ring mail of Reason {rPois Int+3}
rPois   +          Reflect  .   u - +1 helmet of Ablilol {rC+}
rElec   .          Harm     .   n - +0 cloak
rCorr   .          Rampage  .   A - +0 pair of gloves
Will    ++...      NoTele   +   D - +2 pair of boots {Fly}
Stlth   +.........              R - amulet "Izozit Ytosu" {Regen+ Str+2}
HPRegen 1.07/turn               W - ring of willpower
MPRegen 0.21/turn               S - +4 ring of slaying

@: flying, lightly drained
A: no striking features
a: Renounce Religion, Purification, Heal Other


You were in a Gauntlet.
You worshipped Elyvilon.
Elyvilon was pleased with you.
You visited 4 branches of the dungeon, and saw 23 of its levels.
You also visited: Sewer and Gauntlet.

You collected 2287 gold pieces.
You spent 1420 gold pieces at shops.

Inventory:

Hand Weapons
 a - a +4 quarterstaff (weapon)
Armour
 n - a +0 cloak (worn)
 q - the +1 ring mail of Reason (worn) {rPois Int+3}
   (You found it on level 2 of the Lair of Beasts)

   Int:       It affects your intelligence (+3).
   rPois:     It protects you from poison.
 u - the +1 helmet of Ablilol (worn) {rC+}
   (You bought it in a shop on level 2 of the Orcish Mines)

   rC:        It protects you from cold.
 A - a +0 pair of gloves (worn)
 C - a +0 buckler
 D - a +2 pair of boots of flying (worn)
Magical Staves
 b - a staff of poison
Jewellery
 d - a ring of protection from cold
 E - the ring "Muat" {EV+4 Stlth+}
   (You found it in a Gauntlet)

   [ring of evasion]

   EV:        It affects your evasion (+4).
   Stlth:     It makes you more stealthy.
 F - a ring of protection from fire
 H - an amulet of reflection
 I - a +6 ring of intelligence
 R - the amulet "Izozit Ytosu" (around neck) {Regen+ Str+2}
   (You bought it in a shop on level 1 of the Orcish Mines)

   [amulet of regeneration]

   Str:       It affects your strength (+2).
   Regen:     It increases your rate of health regeneration.
 S - a +4 ring of slaying (right hand)
 W - a ring of willpower (left hand)
Wands
 c - a wand of roots (5)
 m - a wand of mindburst (29)
 r - a wand of charming (2)
Scrolls
 f - 2 scrolls of fear
 j - 6 scrolls of teleportation
 o - a scroll of magic mapping
 p - 2 scrolls of enchant armour
 v - a scroll of vulnerability
 x - 9 scrolls of identify
Potions
 e - 2 potions of haste
 h - 4 potions of lignification
 i - 2 potions of flight
 k - 13 potions of curing
 l - a potion of brilliance
 s - 2 potions of magic
 w - 2 potions of mutation
 z - 2 potions of heal wounds


   Skills:
 + Level 6.0 Fighting
 - Level 14.0 Staves
 - Level 2.0 Throwing
 + Level 7.0 Armour
 + Level 4.4 Dodging
 - Level 10.0 Spellcasting
 - Level 12.0 Conjurations
 - Level 4.0 Translocations
 - Level 10.0 Invocations
 - Level 10.0 Evocations


You had 30 spell levels left.
You knew the following spells:

 Your Spells              Type           Power      Damage    Failure   Level
m - Iskenderun's Mystic   Conj/Tloc      35%        2d8       4%          4

Your spell library contained the following spells:

 Spells                   Type           Power      Damage    Failure   Level
 Dazzling Flash           Conj/Hex       56%        N/A       3%          3
 Stone Arrow              Conj/Erth      56%        3d10      3%          3
 Gell's Gravitas          Tloc           22%        N/A       8%          3
 Lesser Beckoning         Tloc           22%        N/A       8%          3
 Teleport Other           Tloc           22%        N/A       8%          3
 Sandblast                Erth           16%        2d6       14%         1
 Sting                    Tmut/Pois      32%        1d4       14%         1
 Ensorcelled Hibernation  Hex/Ice        16%        N/A       21%         2
 Passwall                 Tmut/Erth      6%         N/A       21%         2
 Poisonous Vapours        Pois/Air       16%        N/A       21%         2
 Lightning Bolt           Conj/Air       14%        1d27      32%         5
 Inner Flame              Hex/Fire       8%         N/A       38%         3
 Spider Form              Tmut/Pois      8%         N/A       38%         3
 Airstrike                Air            4%         0-3+      80%         4
 Anguish                  Hex/Necr       4%         N/A       80%         4
 Animate Armour           Summ/Erth      16%        N/A       80%         4
 Cause Fear               Hex            4%         N/A       80%         4
 Summon Lightning Spire   Summ/Air       8%         N/A       80%         4
 Summon Forest            Summ/Tloc      7%         N/A       86%         5
 Starburst                Conj/Fire      14%        6d6       87%         6
 Dispersal                Tloc           11%        N/A       99%         6
 Discord                  Hex            4%         N/A       100%        8
 Lehudib's Crystal Spear  Conj/Erth      14%        10d5      100%        8


Dungeon Overview and Level Annotations

Branches:
Dungeon (14/15)            Temple (1/1) D:7            Lair (6/6) D:10
  Swamp (0/4) Lair:4       Spider (0/4) Lair:2        Slime (0/5) Lair:6
    Orc (2/2) D:9             Elf (0/3) Orc:2        Vaults (0/5) D:13
  Sewer (visited)         Gauntlet (1/1)

Altars:
Ashenzari
Cheibriados
Dithmenos
Elyvilon
Fedhas
Gozag
Hepliaklqana
Kikubaaqudgha
Makhleb
Nemelex Xobeh
Okawaru
Qazlal
Ru
Sif Muna
Trog
Uskayaw
Vehumet
Wu Jian
Xom
Yredelemnul
Zin
The Shining One
Lugonu

Shops:
D:8 (*   D:10 *   Orc:1 =   Orc:2 !?[=

Portals:
Trove: D:14 (give 2 scrolls of acquirement)

Annotations:
Lair:2 3 runed translucent doors, Enfaeutchie's ghost, journeyman TeHW Gauntlet 6 transporters, 1 runed translucent door


Message History

The minotaur hits you with the +8 quarterstaff of Woynua {flame, Fragile rPois Int+2 Stlth+}.
The minotaur burns you.
The minotaur gores you but does no damage.
Throw: dart (curare)
Press: ? - help, Q - select action, (/) - cycle Shift-Dir - straight line, f - minotaur
Aim: a minotaur, wielding the +8 quarterstaff of Woynua {flame, Fragile rPois Int+2 Stlth+}, wearing a +0 chain mail and quivering silver javelins (poison gas, lightly wounded, 76% to hit)
You throw a curare-tipped dart.
The curare-tipped dart hits the minotaur.
The minotaur is lightly wounded.
The minotaur hits you with the +8 quarterstaff of Woynua {flame, Fragile rPois Int+2 Stlth+}!!
The minotaur burns you.
The minotaur gores you but does no damage.
Okay, then.
Okay, then.
You hit the minotaur.
The minotaur is lightly wounded.
The minotaur hits you with the +8 quarterstaff of Woynua {flame, Fragile rPois Int+2 Stlth+}!!
The minotaur burns you!
* * * LOW HITPOINT WARNING * * *
The minotaur gores you but does no damage.
You barely miss the minotaur.
The minotaur furiously retaliates!
The minotaur headbutts you.
* * * LOW HITPOINT WARNING * * *
The minotaur is lightly wounded.
You sock the minotaur!
The minotaur is moderately wounded.
The minotaur hits you with the +8 quarterstaff of Woynua {flame, Fragile rPois Int+2 Stlth+}!
* * * LOW HITPOINT WARNING * * *
The minotaur burns you.
* * * LOW HITPOINT WARNING * * *
The minotaur gores you!
* * * LOW HITPOINT WARNING * * *
You thump the minotaur!
The minotaur is moderately wounded.
You hit the minotaur.
The minotaur is moderately wounded.
The minotaur hits you with the +8 quarterstaff of Woynua {flame, Fragile rPois Int+2 Stlth+}!!
Elyvilon protects you from harm! The minotaur burns you!
You die...

### §☼§ §§ §☼
###. §§§
######H#######
§☼§§§☼§@☼§☼○§#
§###§###§###§#
#.###§###.#
.....○§...#
#.###.###○###
###.###.###§#####
.......)....§...#
⌠.⌠.⌠.©.©.⌠.§§⌠.#
........=.......#


You could see a minotaur.

Vanquished Creatures
  9 vault guards
  2 boulder beetles
  Erolcha (Orc:2)
  A catoblepas (Lair:3)
  A centaur warrior (D:13)
  2 ogre magi (Orc:2)
  3 two-headed ogres
  A death knight (D:12)
  2 tengu warriors
  A death yak (Gauntlet)
  Nergalle (Lair:2)
  A lindwurm (Lair:4)
  A necromancer (Gauntlet)
  An orc knight (Orc:2)
  2 bog bodies (Lair:4)
  Pikel (D:5)
  A wolf spider (D:11)
  5 orc sorcerers (Orc:2)
  2 ugly things
  3 cyclopes
  2 gargoyles
  19 elephants
  3 black mambas (Lair:5)
  7 cane toads
  Psyche (D:9)
  An unseen horror (D:11)
  2 rime drakes
  An efreet (D:13)
  A kobold demonologist (D:12)
  14 komodo dragons
  9 trolls
  A meliai (Lair:2)
  Prince Ribbit (Lair:2)
  A wolf spider simulacrum (Lair:1)
  A hornet (D:7)
  2 slime creatures
  15 blink frogs
  9 dream sheep (Lair:5)
  Sigmund (D:3)
  3 wraiths
  19 yaks
  2 vampires
  3 wyverns
  Grum (D:9)
  2 dire elephant simulacra (Lair:1)
  A basilisk (Lair:1)
  A fire elemental (D:12)
  7 vampire mosquitoes
  3 steam dragons
  5 wargs
  2 acid dragons
  13 water moccasins
  16 orc warriors
  A sky beast (D:7)
  An ice beast (D:8)
  6 ogres
  16 wolves
  5 centaurs
  A phantom (D:4)
  9 kobold brigands
  Blork the orc (D:4)
  19 bullfrogs
  3 gnoll sergeants
  A cane toad simulacrum (Lair:1)
  A scorpion (D:5)
  2 killer bees (Lair:2)
  A rime drake simulacrum (Lair:1)
  3 electric eels
  4 howler monkeys
  12 orc priests
  3 hounds
  2 jellies
  A water moccasin simulacrum (Lair:1)
  Jessica (D:3)
  Ijyb (D:5)
  14 iguanas
  37 orc wizards
  A basilisk simulacrum (Lair:1)
  9 adders
  15 gnolls
  3 river rats
  3 white imps
  An ufetubus (D:6)
  6 worms
  A dart slug (D:3)
  74 orcs
  11 ball pythons
  7 endoplasms
  7 giant cockroaches
  5 hobgoblins
  14 kobolds
  A quokka (D:1)
  6 bats
  19 frilled lizards
  10 goblins
  10 rats
558 creatures vanquished.

Vanquished Creatures (collateral kills)
  2 orc sorcerers (Orc:2)
  An elephant (Lair:6)
  A rime drake (Lair:6)
  4 slime creatures (D:13)
  A kobold brigand (D:12)
  An orc (Orc:2)
10 creatures vanquished.

Vanquished Creatures (others)
  5 death yaks
  A sea snake (shapeshifter) (D:13)
  An elephant (Lair:5)
  A tengu conjurer (D:13)
  A blink frog (Lair:2)
  A wyvern (D:9)
  3 yaks
  2 vampire mosquitoes (D:13)
  A bullfrog (Lair:5)
  3 gnolls (D:10)
  An orc (D:8)
  10 fungi
  25 plants
  4 toadstools (D:1)
59 creatures vanquished.

Grand Total: 627 creatures vanquished

Notes
Turn   | Place    | Note
-------+----------+-------------------------------------------
     0 | D:1      | Armakuni the Human Gladiator began the quest for the Orb.
     0 | D:1      | Reached XP level 1. HP: 16/16 MP: 1/1
   187 | D:1      | Reached XP level 2. HP: 22/22 MP: 2/2
   477 | D:1      | Found a faded altar of an unknown god.
   486 | D:1      | Reached XP level 3. HP: 27/28 MP: 3/3
   697 | D:2      | Identified the +6 broad axe of Lova Liy {vorpal, rPois
                  | Dex+3}
  1196 | D:2      | Reached XP level 4. HP: 32/35 MP: 4/4
  1255 | D:2      | Reached skill level 4 in Staves
  1580 | D:3      | Reached XP level 5. HP: 23/41 MP: 2/5
  1791 | D:3      | Noticed Jessica
  1802 | D:3      | Killed Jessica
  2239 | D:3      | Found a hazy altar of Hepliaklqana.
  2240 | D:3      | Found a shimmering altar of Xom.
  2241 | D:3      | Noticed a spectral ugly thing
  2449 | D:3      | Noticed Sigmund
  2467 | D:3      | Killed Sigmund
  2468 | D:3      | Reached skill level 5 in Fighting
  2468 | D:3      | Reached skill level 5 in Staves
  2468 | D:3      | Reached skill level 1 in Armour
  2468 | D:3      | Reached XP level 6. HP: 34/51 MP: 4/6
  2845 | D:4      | Found a glowing drain.
  2859 | Sewer    | Entered a sewer
  2920 | Sewer    | Reached XP level 7. HP: 47/56 MP: 5/7
  3114 | Sewer    | Reached skill level 6 in Staves
  3535 | Sewer    | Reached skill level 7 in Staves
  3535 | Sewer    | Reached XP level 8. HP: 62/62 MP: 8/8
  3580 | D:4      | Noticed Blork the orc
  3589 | D:4      | Killed Blork the orc
  4177 | D:4      | Reached skill level 8 in Staves
  4272 | D:5      | Entered Level 5 of the Dungeon
  4403 | D:5      | Noticed Pikel
  4422 | D:5      | Killed Pikel
  4423 | D:5      | Reached skill level 9 in Staves
  4423 | D:5      | Reached XP level 9. HP: 57/68 MP: 6/9
  4508 | D:5      | Noticed Ijyb
  4515 | D:5      | Killed Ijyb
  4611 | D:5      | Reached skill level 10 in Staves
  4771 | D:5      | Found an ornate altar of the Wu Jian Council.
  4858 | D:5      | Found a runed translucent door.
  5517 | D:6      | Reached skill level 11 in Staves
  5645 | D:6      | Found a sparkling altar of Nemelex Xobeh.
  6280 | D:7      | Found a staircase to the Ecumenical Temple.
  6289 | Temple   | Entered the Ecumenical Temple
  6329 | Temple   | Became a worshipper of Elyvilon the Healer
  6446 | D:7      | Noticed a hornet
  6449 | D:7      | Paralysed by a hornet for 3 turns
  6454 | D:7      | Killed a hornet
  6664 | D:7      | Reached skill level 12 in Staves
  6682 | D:7      | Reached XP level 10. HP: 61/74 MP: 8/10
  7321 | D:7      | Found a basalt altar of Yredelemnul.
  7325 | D:7      | Found a glowing golden altar of the Shining One.
  7329 | D:7      | Found a bloodstained altar of Trog.
  7611 | D:7      | Reached skill level 5 in Armour
  7879 | D:7      | Found a shimmering blue altar of Sif Muna.
  7950 | D:8      | Reached * piety under Elyvilon
  7978 | D:8      | Found Uledwayxi's Antique Weapon Boutique.
  8186 | D:8      | Found a stormy altar of Qazlal.
  8451 | D:8      | Reached ** piety under Elyvilon
  8451 | D:8      | Found an opulent altar of Gozag.
  8451 | D:8      | Found a blossoming altar of Fedhas.
  8460 | D:8      | Reached skill level 1 in Invocations
  8460 | D:8      | Reached skill level 1 in Evocations
  8636 | D:8      | Found a radiant altar of Vehumet.
  8636 | D:8      | Found a burning altar of Makhleb.
  8636 | D:8      | Found a shadowy altar of Dithmenos.
  8701 | D:8      | Found Afraym's Assorted Antiques.
  8704 | D:8      | Bought a pair of glowing boots for 195 gold pieces
  9111 | D:8      | Upgraded the game from 0.29-a0-838-g385bb11a5b to
                  | 0.29-a0-841-g116ddc6ace
  9162 | D:9      | Found a snail-covered altar of Cheibriados.
  9437 | D:9      | Noticed Psyche
  9449 | D:9      | Killed Psyche
  9869 | D:9      | Noticed Grum
  9900 | D:9      | Killed Grum
 10442 | D:9      | Learned a level 4 spell: Iskenderun's Mystic Blast
 10531 | D:9      | Noticed a two-headed ogre
 10536 | D:9      | Reached skill level 5 in Invocations
 10536 | D:9      | Reached skill level 5 in Evocations
 10536 | D:9      | Reached XP level 11. HP: 35/79 MP: 6/15
 10538 | D:9      | Killed a two-headed ogre
 10789 | D:9      | Found a staircase to the Orcish Mines.
 10980 | Orc:1    | Entered Level 1 of the Orcish Mines
 11200 | Orc:2    | Entered Level 2 of the Orcish Mines
 11204 | Orc:1    | Found Xablyt's Jewellery Emporium.
 11209 | Orc:1    | Bought the amulet "Izozit Ytosu" {Regen+ Str+2} for 494
                  | gold pieces
 11716 | Orc:2    | Reached *** piety under Elyvilon
 11871 | Orc:2    | Found a staircase to the Elven Halls.
 11895 | Orc:2    | Noticed an orc knight
 11920 | Orc:2    | Killed an orc knight
 12075 | Orc:2    | Noticed an orc sorcerer
 12081 | Orc:2    | Paralysed by an orc sorcerer for 4 turns
 12083 | Orc:2    | Noticed an orc sorcerer
 12086 | Orc:2    | Noticed a sixfirhy
 12092 | Orc:2    | Paralysed by an orc sorcerer for 4 turns
 12151 | Orc:2    | Noticed an ogre mage
 12165 | Orc:2    | Killed an orc sorcerer
 12169 | Orc:2    | Killed an orc sorcerer
 12177 | Orc:2    | Noticed an orc sorcerer
 12185 | Orc:2    | Noticed an orc sorcerer
 12196 | Orc:2    | Noticed a sixfirhy
 12196 | Orc:2    | HP: 2/79 [ice devil[an orc sorcerer] (18)]
 12198 | Orc:2    | Elyvilon protects you from harm!
 12244 | Orc:2    | Noticed an ogre mage
 12247 | Orc:2    | Paralysed by an orc sorcerer for 3 turns
 12252 | Orc:2    | Killed an orc sorcerer
 12252 | Orc:2    | Killed an orc sorcerer
 12252 | Orc:2    | Killed an ogre mage
 12252 | Orc:2    | Killed an ogre mage
 12252 | Orc:2    | Killed an orc sorcerer
 12253 | Orc:2    | Reached XP level 12. HP: 70/86 MP: 17/19
 12380 | Orc:2    | Found Revetsop's Jewellery Shop.
 12405 | Orc:2    | Noticed a sixfirhy
 12406 | Orc:2    | Reached skill level 10 in Invocations
 12408 | Orc:2    | Noticed a soul eater
 12445 | Orc:2    | Noticed Erolcha
 12457 | Orc:2    | Found a radiant altar of Vehumet.
 12459 | Orc:2    | Killed Erolcha
 12460 | Orc:2    | Reached skill level 10 in Evocations
 12460 | Orc:2    | Reached skill level 1 in Translocations
 12469 | Orc:2    | Reached skill level 1 in Conjurations
 12475 | Orc:2    | Found Wiunedgha's Antique Armour Boutique.
 12497 | Orc:2    | Reached skill level 1 in Spellcasting
 12518 | Orc:2    | Found an ancient bone altar of Kikubaaqudgha.
 12526 | Orc:2    | Bought a distressingly furry helmet for 304 gold pieces
 12526 | Orc:2    | Identified the +1 helmet of Ablilol {rC+} (You bought it in
                  | a shop on level 2 of the Orcish Mines)
 12549 | Orc:2    | Found Iqeoqof's Magic Scroll Shop.
 12593 | Orc:2    | Found Xyecs's Distillery.
 12595 | Orc:2    | Bought a scroll of immolation for 68 gold pieces
 12595 | Orc:2    | Bought a scroll of summoning for 161 gold pieces
 12603 | Orc:2    | Bought a potion of mutation for 144 gold pieces
 12658 | Orc:2    | Bought a potion of attraction for 54 gold pieces
 12867 | D:10     | Entered Level 10 of the Dungeon
 13007 | D:10     | Noticed a death yak
 13009 | D:10     | Found a staircase to the Lair.
 13009 | D:10     | Noticed a death yak
 13009 | D:10     | Noticed a two-headed ogre
 13025 | D:10     | Pacified a death yak
 13030 | D:10     | Killed a death yak
 13031 | D:10     | Killed a two-headed ogre
 13033 | D:10     | Noticed a death yak
 13035 | D:10     | Pacified a death yak
 13041 | D:10     | Killed a death yak
 13050 | D:10     | Killed a death yak
 13247 | D:10     | Reached skill level 5 in Conjurations
 13297 | D:10     | Reached XP level 13. HP: 73/91 MP: 20/20
 13484 | D:10     | Found Righ's Elemental Accessories.
 14915 | D:12     | Elyvilon protects you from harm!
 14919 | D:12     | Noticed a four-headed hydra
 14920 | D:12     | Pacified a four-headed hydra
 15274 | D:12     | Reached skill level 10 in Conjurations
 15444 | D:12     | Found a hide-covered altar of Uskayaw.
 15708 | D:13     | Noticed an anaconda
 15786 | D:13     | Noticed a centaur warrior
 15815 | D:13     | Killed a centaur warrior
 15969 | D:13     | Found a gate to the Vaults.
 15969 | D:13     | Noticed a vault guard
 15969 | D:13     | Noticed a vault guard
 15969 | D:13     | Noticed a vault guard
 15969 | D:13     | Noticed a vault guard
 15970 | D:13     | Noticed a vault guard
 15970 | D:13     | Noticed a vault guard
 15970 | D:13     | Noticed a vault guard
 15970 | D:13     | Noticed a vault guard
 15986 | D:13     | Killed a vault guard
 15989 | D:13     | Killed a vault guard
 15990 | D:13     | Reached skill level 13 in Staves
 16000 | D:13     | HP: 1/91 [vault guard/+0 great mace (18)]
 16001 | D:13     | Killed a vault guard
 16006 | D:13     | HP: 3/91 [vault guard/+0 great mace (15)]
 16007 | D:13     | Killed a vault guard
 16008 | D:13     | Reached XP level 14. HP: 15/98 MP: 17/21
 16073 | D:13     | HP: 2/98 [vault guard/+2 war axe (9)]
 16075 | D:13     | Elyvilon protects you from harm!
 16197 | D:14     | Reached skill level 14 in Staves
 16280 | D:14     | Found a portal to a secret trove of treasure.
 16506 | Lair:1   | Entered Level 1 of the Lair of Beasts
 16998 | Lair:1   | Found a transporter.
 17086 | Lair:1   | Found a transporter.
 17435 | Lair:1   | Got Mybbuahoq's Encyclopedia of Pestilence and
                  | Translocation
 17537 | Lair:2   | Reached **** piety under Elyvilon
 17567 | Lair:2   | Reached skill level 5 in Spellcasting
 17569 | Lair:2   | Found a hole to the Spider Nest.
 17727 | Lair:2   | Noticed a minotaur
 17731 | Lair:2   | Noticed Enfaeutchie's ghost (journeyman TeHW)
 17752 | Lair:2   | Noticed Prince Ribbit
 17779 | Lair:2   | Killed Prince Ribbit
 17868 | Lair:2   | Noticed Nergalle
 17875 | Lair:2   | Killed Nergalle
 17913 | Lair:2   | Identified the +1 ring mail of Reason {rPois Int+3}
 18278 | Lair:2   | Found a runed translucent gate.
 18278 | Lair:2   | Found a runed translucent gate.
 18278 | Lair:2   | Found a runed translucent gate.
 19839 | Lair:4   | Reached ***** piety under Elyvilon
 19928 | Lair:4   | Found a staircase to the Swamp.
 20325 | Lair:5   | Reached XP level 15. HP: 59/103 MP: 25/25
 21294 | Lair:5   | Elyvilon protects you from harm!
 21295 | Lair:5   | Reached skill level 10 in Spellcasting
 21570 | Lair:6   | Entered Level 6 of the Lair of Beasts
 21710 | Lair:6   | Found a gate leading to a gauntlet.
 21731 | Gauntlet | Entered a Gauntlet
 21731 | Gauntlet | Found a transporter.
 21731 | Gauntlet | Found a transporter.
 21784 | Gauntlet | Found a transporter.
 21788 | Gauntlet | Found a transporter.
 21796 | Gauntlet | Found a transporter.
 21800 | Gauntlet | Found a transporter.
 21809 | Gauntlet | Found a transporter.
 21824 | Gauntlet | Found a runed translucent door.
 21829 | Gauntlet | Found a transporter.
 21845 | Gauntlet | Found a transporter.
 21849 | Gauntlet | Found a transporter.
 21857 | Gauntlet | Found a transporter.
 21861 | Gauntlet | Found a transporter.
 22076 | Gauntlet | Identified the ring "Muat" {EV+4 Stlth+}
 22198 | Gauntlet | Identified the +8 quarterstaff of Woynua {flame, Fragile
                  | rPois Int+2 Stlth+}
 22206 | Gauntlet | HP: 5/103 [minotaur/the +8 quarterstaff of Woynua {flame,
                  | Fragile rPois Int+2 Stlth+} (10)]
 22208 | Gauntlet | Elyvilon protects you from harm!
 22208 | Gauntlet | Slain by a minotaur

Illustrated notes

Levels and vault maps discovered:
D:1:      ldierk_walled_garden_2, layout_rooms,
          hellmonk_ecumenical_altar_heavens_door, st_stairs_6
D:2:      layout_loops_cross
D:3:      layout_loops_corners, regret_index_temple_of_mockery, uniq_sigmund,
          uniq_jessica
D:4:      layout_gridville, portal_sewer_entry_b, uniq_blork_the_orc
D:5:      layout_rooms, nzn_wu_jian_contemplation,
          chequers_serial_rivers_small_b, hex_medium,
          chequers_serial_rivers_micro_b, st_stairs_14, lightli_church_of_beogh,
          uniq_pikel, uniq_ijyb
D:6:      layout_rooms, old_standard_altar, grunt_decor_clamped, minivault_25,
          minivault_11, ebering_dispersal_statue_hall
D:7:      layout_basic, lemuel_blue_sif_altar, grunt_temple_overflow_diamond,
          minmay_temple_entry_statues_fountains
D:8:      layout_gridville, nicolae_qazlal_style_of_elements,
          gammafunk_temple_overflow_pools, gammafunk_temple_overflow_forgotten,
          serial_shops, nicolae_lakefront_shop, nicolae_shop_behind_doors,
          hangedman_decor_riveting
D:9:      layout_basic, cheibriados_altar_1, minmay_orc_entry_guard_dogs,
          uniq_psyche, uniq_grum
D:10:     lemuel_reptile_caves, layout_rooms, dpeg_lair_monsters,
          nicolae_elemental_shop, lemuel_flamethrower_2
D:11:     layout_basic, grunt_decor_mini_mirrors, serial_bayou_pond_a
D:12:     layout_irregular_city, minivault_23, nicolae_uskayaw_suspiria
D:13:     layout_cross, erik_vaults_2
D:14:     layout_grid_maze, infiniplex_staircase_star,
          portal_ice_cave_entry_ice_statue_one, enter_trove_5, serial_shops,
          shop
Temple:   corrupted_temple
Lair:1:   gammafunk_cloud_chamber, layout_cave_pods, infiniplex_staircase_pool_2
Lair:2:   layout_roguey, hellmonk_spider_entry_not_the_bees,
          maelrawn_ghost_gauntlet_escape, grunt_megastairs_1, uniq_nergalle,
          uniq_prince_ribbit2
Lair:3:   layout_gridlike, infiniplex_staircase_pool, grunt_megastairs_2,
          lemuel_fruit_fields
Lair:4:   layout_big_grid, skrybe_swamp_entry_bodies, minivault_24, st_stairs_7,
          nicolae_lair_grove_arrangements
Lair:5:   layout_gridlike, wad_woods_river_01
Lair:6:   grunt_lair_end_beastmaster, layout_concentric_octagons,
          minmay_slime_entry_pillars, gauntlet_entry_generic, lemuel_fruit_tree,
          uniq_josephine
Orc:1:    layout_caves, serial_shops,
          nicolae_shop_temple_entry_statues_fountains
Orc:2:    kennysheep_orc_mage_school, layout_diamond_mine
Gauntlet: minmay_gauntlet_77_indecision [minmay_gauntlet_arena_77_p_blocks,
          minmay_gauntlet_arena_77_museum,
          minmay_gauntlet_arena_77_broken_ladder,
          minmay_gauntlet_arena_77_terracotta_army,
          minmay_gauntlet_arena_77_path, minmay_gauntlet_arena_77_checkered,
          gauntlet_exit_watery]

Skill      XL: |  1  2  3  4  5  6  7  8  9 10 11 12 13 14 15 |
---------------+----------------------------------------------+-----
Fighting       | 3 5 6 |  6.0
Staves         | 4 5 7 9 12 13 14 | 14.0
Armour         | 1 2 3 6 7 |  7.0
Invocations    | 5 9 10 | 10.0
Evocations     | 5 9 10 | 10.0
Translocations | 4 |  4.0
Conjurations   | 5 10 12 | 12.0
Spellcasting   | 1 3 7 10 | 10.0
Dodging        | 4 |  4.4
Throwing       | |  2.0

Action                   |  1- 3 |  4- 6 |  7- 9 | 10-12 | 13-15 || total
-------------------------+-------+-------+-------+-------+-------++-------
Melee: Quarterstaff      |    59 |       |       |   627 |  1234 ||  1920
       Broad axe         |    21 |    67 |   211 |    80 |       ||   379
       Punch             |       |     1 |       |     1 |       ||     2
Throw: Throwing net      |       |     4 |     4 |     3 |       ||    11
       Dart              |       |       |     2 |     5 |    15 ||    22
       Javelin           |       |       |     1 |       |       ||     1
 Cast: Iskenderun's Myst |       |       |       |       |     6 ||     6
Invok: Heal Other        |       |       |       |     8 |    24 ||    32
       Purification      |       |       |       |     1 |       ||     1
       Heal Self         |       |       |       |     2 |    28 ||    30
Evoke: Wand              |       |     1 |     3 |    36 |    36 ||    76
  Use: Scroll            |     4 |     3 |     4 |    13 |    12 ||    36
       Potion            |       |       |       |     8 |     6 ||    14
 Stab: Held in net/web   |       |       |       |     1 |       ||     1
       Distracted        |       |       |       |       |     1 ||     1
Armor: Leather armour    |    22 |       |       |       |       ||    22
       Ring mail         |     4 |     1 |       |       |   273 ||   278
       Scale mail        |       |    18 |   116 |    58 |       ||   192
       Steam dragon scal |       |       |       |    38 |       ||    38
       Troll leather arm |       |       |       |   120 |   185 ||   305
Dodge: Dodged            |    50 |    43 |   109 |   442 |   638 ||  1282

Table legend: (Time is in decaauts)
 A = Elapsed time spent in this place.
 B = Non-inter-level travel time spent in this place.
 C = Inter-level travel time spent in this place.
 D = Time resting spent in this place.
 E = Time spent auto-exploring this place.
 F = Levels seen in this place.
 G = Mean time per level.
                   A        B        C        D        E       F      G
               +--------+--------+--------+--------+--------+-----+--------+
         Total |  21978 |  21230 |    748 |   2202 |  13441 |  25 |  879.1 |
       Dungeon |  13951 |  13548 |    403 |   1714 |   8751 |  14 |  996.5 |
        Temple |     57 |     34 |     23 |      0 |     20 |   1 |   57.0 |
          Lair |   4913 |   4718 |    195 |    218 |   3285 |   6 |  818.8 |
  Orcish Mines |   1677 |   1551 |    126 |    130 |    654 |   2 |  838.5 |
         Sewer |    911 |    911 |      0 |     39 |    552 |   1 |  911.0 |
      Gauntlet |    467 |    467 |      0 |    101 |    177 |   1 |  467.0 |
               +--------+--------+--------+--------+--------+-----+--------+

Top non-repeatable levels by time:
     D:9: 1705 daAuts
     D:7: 1653 daAuts
     D:8: 1443 daAuts
     D:3: 1402 daAuts
  Lair:5: 1251 daAuts
   Orc:2: 1088 daAuts
     D:5: 1003 daAuts
     D:4: 991 daAuts
  Lair:1: 986 daAuts
    D:12: 930 daAuts
    D:11: 919 daAuts
   Sewer: 911 daAuts
  Lair:3: 894 daAuts
  Lair:2: 870 daAuts
     D:2: 848 daAuts
